 Dungeon Crawl Stone Soup version 0.16.2-12-gd0ad4c3 (webtiles) character file.

8 GrosslyIncandescent the Digger (level 2, 6/19 HPs)
             Began as a Mummy Earth Elementalist on Mar 7, 2016.
             Quit the game on level 1 of the Dungeon.
             The game lasted 00:03:58 (1215 turns).

GrosslyIncandescent the Digger (MuEE)               Turns: 1215, Time: 00:03:59

Health: 6/19       AC: 10    Str: 11      XL:     2   Next: 0%
Magic:  4/4        EV:  2    Int: 12 (14) God:
Gold:   39         SH:  0    Dex: 11 (12) Spells: 1 memorised, 4 levels left

rFire  x . .     SeeInvis .     b - 26 stones
rCold  + . .     Clarity  .     f - +0 plate armour
rNeg   + + +     SustAb   .     (no shield)
rPois  ∞         Gourm    .     (no helmet)
rElec  .         Spirit   .     (no cloak)
rCorr  .         Warding  .     (no gloves)
rMut   .         Stasis   .     (no boots)
MR     .....                    (no amulet)
Stlth  ..........               (no ring)
                                (no ring)

@: very slightly contaminated, not resistant to hostile enchantments, extremely
unstealthy
A: no food or potions, fire vulnerability, restore body, cold resistance 1,
negative energy resistance 3, poison resistance, torment resistance, unbreathing
a: no special abilities


You were on level 1 of the Dungeon.
You were not hungry.

You visited 1 branch of the dungeon, and saw 1 of its levels.

You collected 39 gold pieces.

Inventory:

Missiles
 b - 26 stones (in hand)
Armour
 c - a +0 robe
 f - a +0 plate armour (worn)
Scrolls
 a - 2 scrolls of magic mapping {unknown}
 e - a scroll of noise {unknown}
Books
 d - a book of Geomancy

   Spells                             Type                      Level
   a - Sandblast                      Earth                        1
   b - Stoneskin                      Transmutation/Earth          2
   c - Passwall                       Transmutation/Earth          3
   d - Stone Arrow                    Conjuration/Earth            3
   e - Petrify                        Transmutation/Earth          4
   f - Lee's Rapid Deconstruction     Earth                        5


   Skills:
 - Level 1.5 Dodging
 - Level 1.5 Stealth
 - Level 2.0 Spellcasting
   Level 0.7 Transmutations
 + Level 2.9 Earth Magic


You had 4 spell levels left.
You knew the following spells:

 Your Spells              Type           Power        Failure   Level  Hunger
a - Sandblast             Erth           #.....       100%        1    N/A

Dungeon Overview and Level Annotations

Branches:
Dungeon (1/15)

Altars:


Innate Abilities, Weirdness & Mutations

You do not eat or drink.
Your flesh is vulnerable to fire.
Your flesh is cold resistant.
You are immune to negative energy.
Your system is resistant to poisons.
You are immune to unholy pain and torment.
You can survive without breathing.


Message History

You clumsily bash the goblin but do no damage.
The bat hits you. The bat hits you but does no damage.
The bat hits you but does no damage. The goblin hits you but does no damage.
The bat hits you but does no damage. The goblin hits you but does no damage.
Your plate armour prevents you from hitting the goblin.
The bat hits you but does no damage. The bat hits you.
The goblin hits you with a club.
You closely miss the goblin. The bat hits you. The bat hits you.
The bat hits you but does no damage. The goblin hits you but does no damage.
The bat hits you but does no damage.
You clumsily bash the goblin but do no damage.
The bat barely misses you. The goblin hits you but does no damage.
You clumsily bash the goblin but do no damage.
The bat hits you but does no damage. x2
The goblin hits you but does no damage. x2
Your body shudders with the violent release of wild energies!
Your body decomposes!
You feel dopey.
You feel less contaminated with magical energies.
Are you sure you want to abandon this character and quit the game? (Confirm with "yes".)

#####.#####.## ##.#####.#####..##
#..###...###...###...###...##
#...#.....#.....#.....#....##
#####....## ##.......#####.....##
..........###....<....###......##
.....#.....#........%..#.........
.....##.....#####.#####..........
.............###..b###.....#.#...
........#.....#g@...#.....##.....
..#......#.....#####............
..#).....##.....###.....#......
####.....###.....#.....##.....
....###### ##.........#######
....########..............#
...........#.........>......
............................
...........................


You could see a goblin and a bat.

Vanquished Creatures
  A hobgoblin (D:1)
  A bat (D:1)
  A giant cockroach (D:1)
  A giant newt (D:1)
  3 goblins (D:1)
  2 kobolds (D:1)
  A rat (D:1)
10 creatures vanquished.

Notes
Turn   | Place    | Note
--------------------------------------------------------------
     0 | D:1      | GrosslyIncandescent, the Mummy Earth Elementalist, began the quest for the Orb.
     0 | D:1      | Reached XP level 1. HP: 13/13 MP: 3/3
   498 | D:1      | Reached XP level 2. HP: 19/19 MP: 2/4
  1215 | D:1      | Quit the game

Action                   || total
-------------------------++-------
 Cast: Sandblast         ||    21
